 Dungeon Crawl Stone Soup version 0.30.1-11-g7821555f0a (webtiles) character file.

Game seed: 2508417392719872376

92448 auo the Thaumaturge (level 16, -8/129 HPs)
             Began as a Djinni Conjurer on Dec 6, 2023.
             Was a Priest of Ashenzari.
             Mangled by an azure jelly (26 damage)
             ... on level 1 of the Pits of Slime.
             The game lasted 01:31:12 (19938 turns).

auo the Thaumaturge (Djinni Conjurer)              Turns: 19938, Time: 01:31:13

Health: -8/129     AC: 11    Str:  8    XL:     16   Next: 53%
Gold:   1937       EV: 15    Int: 26    God:    Ashenzari [***...] SH:  8 Dex: 12

rFire   + + +        V - staff of fire
rCold   . . .        z - +0 buckler "Restrained Together" {Self, Range} (curse)
rNeg    . . .        Q - +1 troll leather armour
rPois   ∞            w - +0 helmet "Behold Eternity" {Self, Range} (curse)
rElec   .            R - scarf "Lashed Together" {rC+ rF+, Self, Fort} (curse)
rCorr   +            q - +2 pair of gloves
SInv    +            (boots unavailable)
Will    +....        a - amulet of regeneration
Stlth   +            k - ring "Behold Eternity" {Slay+4, Evo, Self} (curse)
HPRegen 2.01/turn    f - ring of resist corrosion
MPRegen 0.00/turn

%: clarity, infuse magic (-9 HP)
@: flying
A: sickness immunity, fire resistance 2, cold vulnerability 1, float, innate
caster, HP casting, extra vitality 1
a: Renounce Religion, Curse Item, Shatter the Chains


You were on level 1 of the Pits of Slime.
You worshipped Ashenzari.
Ashenzari was most pleased with you.
You visited 4 branches of the dungeon, and saw 20 of its levels.
You also visited: Bailey and Ice Cave.

You collected 1937 gold pieces.

Inventory:

Armour
 i - a +0 cloak
 q - a +2 pair of gloves (worn)
 w - the cursed +0 helmet "Behold Eternity" (worn) {Self, Range}
   (You found it on level 4 of the Dungeon)

   It has a curse which improves the following skills: Introspection: Fighting
   and Spellcasting.
   Ranged Combat: Ranged Weapons and Throwing.
 z - the cursed +0 buckler "Restrained Together" (worn) {Self, Range}
   (You found it on level 9 of the Dungeon)

   It has a curse which improves the following skills: Introspection: Fighting
   and Spellcasting.
   Ranged Combat: Ranged Weapons and Throwing.
 Q - a +1 troll leather armour (worn)
 R - the cursed scarf "Lashed Together" (worn) {rC+ rF+, Self, Fort}
   (You found it in an ice cave)

   It has a curse which improves the following skills: Introspection: Fighting
   and Spellcasting.
   Fortitude: Armour and Shields.
 T - a +0 chain mail of cold resistance
Magical Staves
 E - a staff of poison
 S - a staff of cold
 V - a staff of fire (weapon)
Jewellery
 a - an amulet of regeneration (around neck)
 f - a ring of resist corrosion (right hand)
 k - the cursed ring "Behold Eternity" (left hand) {Slay+4, Evo, Self}
   (You found it on level 2 of the Dungeon)

   [ring of slaying]

   Slay:      It affects your accuracy & damage with ranged weapons and melee
   (+4).
   It has a curse which improves the following skills: Evocations: Evocations.
   Introspection: Fighting and Spellcasting.
 G - a ring of wizardry
 K - a ring of positive energy
 U - a ring of willpower
Wands
 r - a wand of quicksilver (10)
 A - a wand of polymorph (21)
 B - a wand of digging (5)
 C - a wand of flame (54)
 D - a wand of roots (6)
 J - a wand of charming (6)
Scrolls
 d - 4 scrolls of summoning
 e - 11 scrolls of teleportation
 l - a scroll of torment
 o - 6 scrolls of poison
 p - 3 scrolls of noise
 t - 4 scrolls of blinking
 v - 4 scrolls of enchant weapon
 y - 3 scrolls of vulnerability
 F - a scroll of acquirement
 I - a scroll of fear
 N - 5 scrolls of fog
Potions
 b - a potion of resistance
 c - 4 potions of attraction
 g - 2 potions of degeneration
 h - 4 potions of heal wounds
 j - 2 potions of mutation
 m - 12 potions of curing
 n - 6 potions of ambrosia
 s - a potion of berserk rage
 u - 11 potions of haste
 x - 3 potions of might
 L - a potion of cancellation
 P - 2 potions of invisibility
Miscellaneous
 H - a piece from Xom's chessboard (15/15)
 M - a box of beasts
 O - a phial of floods


   Skills:
 + Level 13.0(16.5) Fighting
 + Level 8.3(9.9) Armour
 + Level 11.6 Dodging
 - Level 1.5 Stealth
 - Level 14.1(15.5) Shields
 * Level 14.9(18.4) Spellcasting


You knew the following spells:

 Your Spells              Type           Power      Damage    Failure   Level
a - Magic Dart            Conj           100%       1d8       0%          1
b - Searing Ray           Conj           100%       2d8       0%          2
c - Dazzling Flash        Conj/Hex       100%       N/A       0%          3
d - Fulminant Prism       Conj/Hex       44%        3d19      0%          4
e - Iskenderun's Mystic   Conj/Tloc      88%        2d17      0%          4
f - Sting                 Tmut/Pois      100%       1d8       0%          1
g - Poisonous Vapours     Pois/Air       100%       N/A       0%          2
h - Mephitic Cloud        Conj/Pois/Air  88%        N/A       0%          3
i - Volatile Blastmotes   Fire/Tloc      100%       2d18      0%          3
j - Olgreb's Toxic Radia  Pois           88%        N/A       0%          4
k - Fireball              Conj/Fire      55%        3d21      1%          5
l - Dispersal             Tloc           44%        N/A       1%          6
Your spell library was empty.

Dungeon Overview and Level Annotations

Branches:
Dungeon (13/15)            Temple (1/1) D:4            Lair (5/5) D:10
 Shoals (0/4) Lair:2       Spider (0/4) Lair:3        Slime (1/5) Lair:4
    Orc (0/2) D:9          Bailey (visited)           IceCv (visited)
 Vaults: D:13-14

Altars:
Ashenzari
Cheibriados
Dithmenos
Elyvilon
Fedhas
Gozag
Hepliaklqana
Makhleb
Qazlal
Ru
Trog
Wu Jian
Xom
Yredelemnul
Zin
The Shining One
Jiyva
Lugonu

Shops:
D:5 !   D:6 *   D:9 ?

Portals:
Abyss: Lair:5
Trove: D:10 (give 13 potions of heal wounds)

Annotations:
D:5 2 transporters, testeroni's ghost, amateur MiFi


Innate Abilities, Weirdness & Mutations

You are immune to sickness and miasma.
You are immune to poison.
Your flesh is very heat resistant. (rF++)
You are vulnerable to cold. (rC-)
You float through the air rather than walking.
You learn spells naturally, not from books.
Your magical power is your life essence.
You have superior vitality. (+4 MHP)


Message History

You fly downwards.
Welcome back to the Pits of Slime!
This branch is unnaturally silent: sounds travel farther here.
This branch contains the slimy rune of Zot.
The azure jelly quivers.
The azure jelly hits you. The azure jelly freezes you!!
The azure jelly misses you.
The azure jelly hits you but does no damage.
The azure jelly closely misses you. The slime creature closely misses you.
The slime creature barely misses you. The slime creature hits you!
The azure jelly hits you but does no damage.
The azure jelly hits you. The azure jelly freezes you!!
The azure jelly hits you! You block the azure jelly's attack.
There is a staircase back to the Lair here.
Casting: Fireball (safe; 1% risk of failure)
Confirm with . or Enter, or press ? or * to list all spells.
Aiming: Fulminant Prism (safe; 0% risk of failure)
Press: ? - help, Dir - move target You conjure a prism of explosive energy!
A fulminant prism comes into view.
The large slime creature closely misses you.
You block the slime creature's attack.
The slime creature hits you but does no damage.
The slime creature barely misses you.
Two slime creatures merge to form a large slime creature.
The azure jelly misses you. The azure jelly barely misses you.
The azure jelly hits you but does no damage.
The azure jelly hits you.
The large slime creature completely misses you.
The slime creature barely misses you. The slime creature hits you.
Two slime creatures merge to form a large slime creature.
The slime creature barely misses you.
The large slime creature closely misses you.
The azure jelly hits you. The azure jelly freezes you!!
* * * LOW HITPOINT WARNING * * *
The azure jelly barely misses you.
The azure jelly hits you but does no damage.
You block the azure jelly's attack. The azure jelly hits you.
* * * LOW HITPOINT WARNING * * *
The azure jelly freezes you!!
You die...

.#......### *
........#.##
...#.......#
...........#
...........## *
............##
.....JJJJ....#
,, , #...J@J.#,
* * , ##..JJJ.#*
, ,,#.........#
,
,......*.......#
.....#.........
,
#..............
, ....
...G..#...
..........####.
,,, ,, , , ,


You could see 2 azure jellies, 4 large slime creatures, 3 slime creatures, an
eye of devastation and a friendly fulminant prism.

Vanquished Creatures
  An acid blob (Lair:4)
  A frost giant (IceCv)
  A quicksilver ooze (Lair:4)
  The ghost of Jeban the Spear-Bearer, a journeyman OpFi of Gozag (Lair:5)
  2 hydras
  Erica (D:11)
  5 boulder beetles
  A catoblepas (Lair:4)
  12 death yaks
  A centaur warrior (D:8)
  A two-headed ogre (shapeshifter) (D:10)
  4 two-headed ogres
  A death knight (D:13)
  Urug (Lair:2)
  2 thrashing horrors (Lair:5)
  The ghost of Linnx the Destroyer, a novice GrEE of Gozag (D:8)
  3 large abominations (Lair:5)
  A fire crab (Lair:5)
  A skyshark (Lair:4)
  An orc knight (Bailey)
  A swamp dragon (Lair:5)
  A phantasmal warrior (D:13)
  3 deep elf pyromancers
  A lindwurm (Lair:4)
  A wolf spider (Lair:3)
  A will-o-the-wisp (Lair:5)
  3 manticores
  5 ugly things
  2 cyclopes (D:12)
  Joseph (D:8)
  A black mamba (Lair:5)
  An ice statue (IceCv)
  A moth of wrath (D:8)
  A torpor snail (Lair:5)
  4 smoke demons (Lair:5)
  Maggie (D:8)
  3 gargoyles
  17 cane toads
  13 komodo dragons
  3 kobold demonologists
  8 rime drakes
  3 ancient zymes (Lair:5)
  2 trolls
  10 polar bears
  3 meliai (D:13)
  Prince Ribbit (Lair:2)
  44 blink frogs
  A jumping spider (Lair:3)
  4 slime creatures
  A spriggan (Lair:5)
  5 wraiths
  4 vampires
  69 yaks
  A ynoxinul (Lair:5)
  2 shadows
  10 wyverns
  3 basilisks (Lair:5)
  Grum (Lair:1)
  15 vampire mosquitoes
  A chaos spawn (Lair:5)
  16 water moccasins
  2 black bears
  8 orc warriors
  7 ice beasts
  8 small abominations (Lair:5)
  A sky beast (D:8)
  24 wolves
  6 centaurs
  8 kobold brigands
  13 bullfrogs
  A gnoll sergeant (D:10)
  4 scorpions
  14 wights
  12 killer bees
  4 hounds
  A jelly (D:5)
  9 orc priests
  2 iguanas
  18 orc wizards
  2 sleepcaps
  Ijyb (D:4)
  11 gnolls
  8 adders
  An adder skeleton (D:2)
  3 worms
  A dart slug (D:2)
  22 orcs
  13 endoplasms
  3 giant cockroaches
  7 hobgoblins
  3 jackals (D:3)
  6 quokkas
  5 ball pythons
  2 ball python zombies (D:2)
  8 bats
  5 frilled lizards
  9 goblins
  25 kobolds
  5 rats
  3 fulminant prisms
595 creatures vanquished.

Vanquished Creatures (others)
  2 foxfires (Lair:5)
  422 fulminant prisms
424 creatures vanquished.

Grand Total: 1019 creatures vanquished

Notes
Turn   | Place    | Note
-------+----------+-------------------------------------------
     0 | D:1      | auo the Djinni Conjurer began the quest for the Orb.
     0 | D:1      | auo set off with the following spells memorised: Magic
                  | Dart, Searing Ray, Dazzling Flash, Fulminant Prism,
                  | Iskenderun's Mystic Blast.
     0 | D:1      | Reached XP level 1. HP: 15/15 MP: 0/0
   178 | D:1      | Found a faded altar of an unknown god.
   298 | D:1      | Reached XP level 2. HP: 16/21 MP: 0/0
   595 | D:1      | Reached XP level 3. HP: 24/25 MP: 0/0
   595 | D:1      | Learned a level 1 spell: Sting
  1025 | D:2      | Reached XP level 4. HP: 29/31 MP: 0/0
  1284 | D:2      | Reached XP level 5. HP: 30/35 MP: 0/0
  1284 | D:2      | Learned a level 2 spell: Poisonous Vapours
  1909 | D:3      | Reached skill level 5 in Spellcasting
  2879 | D:4      | Noticed Ijyb
  2972 | D:4      | Killed Ijyb
  3073 | D:4      | Reached XP level 6. HP: 34/40 MP: 0/0
  3411 | D:4      | Found a staircase to the Ecumenical Temple.
  3416 | Temple   | Entered the Ecumenical Temple
  3663 | Temple   | Became a worshipper of Ashenzari the Shackled
  4003 | D:4      | Reached XP level 7. HP: 39/45 MP: 0/0
  4003 | D:4      | Learned a level 3 spell: Mephitic Cloud
  4244 | D:5      | Entered Level 5 of the Dungeon
  4249 | D:5      | Reached skill level 1 in Fighting
  4441 | D:5      | Found Jeqimep's Distillery.
  4528 | D:5      | Found a transporter.
  4528 | D:5      | Noticed testeroni's ghost (amateur MiFi)
  4561 | D:5      | Found a transporter.
  5370 | D:6      | Reached XP level 8. HP: 53/55 MP: 0/0
  5613 | D:6      | Found a stormy altar of Qazlal.
  5981 | D:6      | Found Roanlit Biun's Gadget Gallery.
  6366 | D:7      | Reached XP level 9. HP: 54/64 MP: 0/0
  6366 | D:7      | Learned a level 3 spell: Volatile Blastmotes
  6534 | D:7      | Reached skill level 5 in Fighting
  7365 | D:8      | Noticed Maggie
  7377 | D:8      | Killed Maggie
  7559 | D:8      | Found a transporter.
  7562 | D:8      | Noticed Linnx's ghost (novice GrEE)
  7627 | D:8      | Noticed a centaur warrior
  7755 | D:8      | You are sucked into a shaft and drop 1 floor!
  7770 | D:9      | Reached XP level 10. HP: 68/73 MP: 0/0
  7925 | D:9      | Reached skill level 10 in Spellcasting
  8048 | D:9      | Found Delish's Magic Scroll Emporium.
  8078 | D:9      | Noticed a two-headed ogre
  8087 | D:9      | Killed a two-headed ogre
  8807 | D:9      | Found a staircase to the Orcish Mines.
  8864 | D:9      | Reached XP level 11. HP: 64/82 MP: 0/0
  8864 | D:9      | Learned a level 4 spell: Olgreb's Toxic Radiance
  8958 | D:8      | Noticed Joseph
  8966 | D:8      | Killed Joseph
  9179 | D:8      | Killed a centaur warrior
  9194 | D:8      | Noticed a boulder beetle
  9383 | D:8      | Killed a boulder beetle
  9599 | D:8      | Noticed a two-headed ogre
  9627 | D:8      | Killed a two-headed ogre
  9758 | D:8      | Noticed a moth of wrath
  9769 | D:8      | Found a transporter.
  9938 | D:8      | Reached * piety under Ashenzari
  9938 | D:8      | Identified 2 scrolls of acquirement
  9943 | D:8      | Reached XP level 12. HP: 94/94 MP: 0/0
  9944 | D:8      | Acquired an amulet of regeneration
  9955 | D:8      | Acquired a manual of Shields
 10169 | D:8      | Reached skill level 1 in Shields
 10170 | D:8      | Reached skill level 10 in Fighting
 10170 | D:8      | Killed Linnx's ghost
 10278 | D:10     | Entered Level 10 of the Dungeon
 10369 | D:10     | Noticed an entropy weaver
 10371 | D:10     | an entropy weaver changed into a two-headed ogre
 10371 | D:10     | Noticed a two-headed ogre (shapeshifter)
 10376 | D:10     | Killed a two-headed ogre
 10444 | D:10     | Reached skill level 5 in Shields
 10511 | D:10     | Reached XP level 13. HP: 98/99 MP: 0/0
 10511 | D:10     | Learned a level 5 spell: Fireball
 10588 | D:10     | Found a flagged portal.
 10600 | Bailey   | Entered a bailey
 10752 | Bailey   | Found a bloodstained altar of Trog.
 10830 | D:10     | Found a staircase to the Lair.
 10887 | D:10     | Reached ** piety under Ashenzari
 10909 | D:10     | Found a portal to a secret trove of treasure.
 12072 | D:11     | Noticed Erica
 12082 | D:11     | Killed Erica
 12514 | D:12     | Found a frozen archway.
 12534 | IceCv    | Entered an ice cave
 12629 | IceCv    | Reached skill level 10 in Shields
 12728 | IceCv    | Noticed a frost giant
 12736 | IceCv    | Reached XP level 14. HP: 97/110 MP: 0/0
 12741 | IceCv    | Killed a frost giant
 13107 | D:12     | Reached skill level 5 in Armour
 14678 | Lair:1   | Entered Level 1 of the Lair of Beasts
 14714 | Lair:1   | Noticed Grum
 14717 | Lair:1   | Killed Grum
 15122 | Lair:1   | Reached XP level 15. HP: 103/117 MP: 0/0
 15122 | Lair:1   | Learned a level 6 spell: Dispersal
 15124 | Lair:1   | Reached skill level 10 in Dodging
 15626 | Lair:2   | Noticed Prince Ribbit
 15630 | Lair:2   | Killed Prince Ribbit
 15976 | Lair:2   | Identified the +3 quarterstaff of the Dungeon {venom, *Rage
                  | *Noise Will+ Str+8}
 15993 | Lair:2   | Noticed Urug
 16007 | Lair:2   | Killed Urug
 16175 | Lair:2   | Identified the Papyrus of Despair
 16302 | Lair:2   | Identified the Book of Twisted Changes
 16454 | Lair:2   | Reached *** piety under Ashenzari
 16470 | Lair:2   | Found a staircase to the Shoals.
 17009 | Lair:3   | Identified the +0 ring mail of Moral Flaws {rN+ Will+
                  | Int-5}
 17257 | Lair:3   | Found a hole to the Spider Nest.
 17720 | Lair:4   | Found a viscous altar of Jiyva.
 17720 | Lair:4   | Found a staircase to the Slime Pits.
 18404 | Lair:5   | Entered Level 5 of the Lair of Beasts
 18426 | Lair:5   | Reached XP level 16. HP: 51/128 MP: 0/0
 18598 | Lair:5   | Found a runed translucent door.
 18599 | Lair:5   | Noticed Jeban's ghost (journeyman OpFi)
 18994 | Lair:5   | Found a corrupted altar of Lugonu.
 18994 | Lair:5   | Found a one-way gate to the infinite horrors of the Abyss.
 19158 | Lair:5   | Identified the +5 plate armour "Mogek" {Fly Dex+5}
 19757 | Lair:5   | Killed Jeban's ghost
 19875 | Slime:1  | Entered Level 1 of the Pits of Slime
 19875 | Slime:1  | Noticed an acid blob
 19880 | Slime:1  | Noticed an azure jelly
 19888 | Lair:4   | Killed an acid blob
 19936 | Slime:1  | Noticed an azure jelly
 19938 | Slime:1  | Mangled by an azure jelly

Illustrated notes

Levels and vault maps discovered:
D:1:      matt_arrival_grand_opening, layout_loops_ring,
          dreamdust_ecumenical_altar_statues
D:2:      layout_loops_ring, serial_undead, serial_undead_f, serial_undead_f,
          serial_undead_d, serial_undead_d
D:3:      layout_basic
D:4:      layout_loops_ring, minmay_temple_entry_trees, uniq_ijyb
D:5:      layout_loops_ring, gammafunk_ghost_stat_death, serial_shops,
          nicolae_shop_industrial_runoff
D:6:      layout_gridville, lemuel_crystal_altar, nicolae_shop_gadgets
D:7:      layout_basic
D:8:      minmay_blocky_corners, layout_rooms,
          gammafunk_ghost_berserking_beasts, minmay_misc_feat_columns,
          uniq_maggie, uniq_joseph
D:9:      layout_roguey, minmay_orc_entry_temple_small, serial_shops, shop
D:10:     minmay_flawed_box, layout_long_grid, hellmonk_lair_entry_icy,
          enter_trove_0, enter_bailey_5
D:11:     layout_basic, kennysheep_small_spiral, minmay_gold_behind_fungi,
          minmay_crystal_water, uniq_erica
D:12:     layout_basic, portal_ice_cave_entry_pillars_2, hex_medium,
          lemuel_flame_loot_1
D:13:     layout_basic
Temple:   mainiacjoe_temple_starburst
Lair:1:   layout_gridlike, st_stairs_8, infiniplex_staircase_pool, uniq_grum
Lair:2:   layout_layer_cave, shoals_dummy_entry, beast_lair_carwin_10,
          serial_bayou_shore_a, uniq_prince_ribbit2, uniq_urug
Lair:3:   layout_roguey, spider_nest_entry_funnel_web, grunt_megastairs_4,
          lemuel_fruit_tree
Lair:4:   layout_roguey, slime_entry_1, nicolae_lair_lindhole,
          grunt_megastairs_3
Lair:5:   hellmonk_lair_end_abyssal_woods, layout_regular_city,
          gammafunk_ghost_grave, pond, serial_bayou_shore_b
Slime:1:  cheibrodos_slime_lost_civilization_9, layout_caves, basic_altar

Skill      XL: |  1  2  3  4  5  6  7  8  9 10 11 12 13 14 15 16 |
---------------+-------------------------------------------------+-----
Spellcasting   | 4 5 6 8 9 10 11 12 13 14 | 14.9
Fighting       | 2 4 6 8 9 10 11 12 13 | 13.0
Dodging        | 6 7 8 9 11 | 11.6
Armour         | 4 6 7 8 |  8.3
Shields        | 5 10 13 14 | 14.1
Stealth        | |  1.5

Action                     |  1- 3 |  4- 6 |  7- 9 | 10-12 | 13-15 | 16-18 || total
---------------------------+-------+-------+-------+-------+-------+-------++-------
   Cast: Magic Dart        |    40 |    87 |    27 |    24 |    43 |     2 ||   223
         Searing Ray       |     8 |    24 |    31 |    14 |    11 |       ||    88
         Sting             |     1 |       |       |       |       |       ||     1
         Fulminant Prism   |       |     3 |    33 |    90 |   245 |    55 ||   426
         Iskenderun's Myst |       |     2 |     8 |    15 |    70 |    15 ||   110
         Poisonous Vapours |       |     2 |       |       |       |       ||     2
         Olgreb's Toxic Ra |       |       |       |     3 |    15 |     8 ||    26
         Fireball          |       |       |       |       |   146 |    50 ||   196
 Invoke: Curse Item        |       |       |     1 |     1 |     3 |       ||     5
         Shatter the Chain |       |       |       |       |     1 |       ||     1
    Use: Potion            |       |       |       |     1 |       |       ||     1
         Scroll            |       |       |       |     2 |     1 |       ||     3
 Armour: Robe              |     3 |     3 |     8 |       |       |       ||    14
         Steam dragon scal |       |       |       |    13 |     3 |       ||    16
         Troll leather arm |       |       |       |       |     4 |     7 ||    11
  Dodge: Dodged            |       |    14 |    19 |    24 |    27 |    26 ||   110
  Block: Buckler           |       |       |       |       |     9 |    13 ||    22
